 Dungeon Sprint DCSS version 0.31-a0-7-g51783674b7 (webtiles) character file.

Game seed: 15738052930226225574

544 sircluck the Cleaver (level 7, -8/70 HPs)
             Began as a Hill Orc Fighter on May 5, 2023.
             Was an Initiate of Beogh.
             Mangled by a fire elemental (12 damage)
             ... summoned by a deep elf pyromancer
             ... in the Dungeon (Sprint III: "The Ten Rune Challenge").
             The game lasted 00:01:58 (876 turns).

sircluck the Cleaver (Hill Orc Fighter)              Turns: 876, Time: 00:01:59

Health: -8/70      AC:  8    Str: 21    XL:     7   Next: 27%
Magic:  7/7        EV: 10    Int:  8    God:    Beogh [......]
Gold:   34         SH:  5    Dex: 10    Spells: 6/6 levels left

rFire   . . .        a - +0 war axe
rCold   . . .        c - +0 buckler
rNeg    . . .        b - +0 scale mail
rPois   .            (no helmet)
rElec   .            (no cloak)
rCorr   .            (no gloves)
SInv    .            (no boots)
Will    .....        (no amulet) Stlth
                     (no ring)
HPRegen 0.31/turn    (no ring)
MPRegen 0.10/turn

%: no teleportation
@: no status effects
A: no striking features
a: Renounce Religion


You were in the Dungeon.
You worshipped Beogh.
Beogh was noncommittal.
You visited 1 branch You collected 34 gold pieces.

Inventory:

Hand Weapons
 a - a +0 war axe (weapon)
Missiles
 k - 4 poisoned darts (quivered)
Armour
 b - a +0 scale mail (worn)
 c - a +0 buckler (worn)
Wands
 d - a wand of mindburst (18)
Scrolls
 e - a scroll of poison {unknown}
 i - 3 scrolls of identify
 m - a scroll of torment {unknown}
Potions
 g - a potion of haste
 h - 2 potions of magic
 l - 4 potions of flight


   Skills:
 + Level 9.5 Fighting
 + Level 11.1 Axes
 + Level 2.4 Throwing
 + Level 9.2 Armour
 + Level 1.5 Dodging
 + Level 0.6 Stealth
 + Level 7.0 Shields


You had 6 spell levels left.
You didn't know any spells.
Your spell library contained the following spells:

 Spells                   Type           Power      Damage    Failure   Level
 Beastly Appendage        Tmut           0%         N/A       77%         1
 Wereblood                Tmut           0%         N/A       88%         2
 Spider Form              Tmut/Pois      0%         N/A       98%         3


Dungeon Overview and Level Annotations

Branches:
Dungeon (1/1)

Altars:
Dithmenos
Elyvilon
Kikubaaqudgha
Okawaru
Ru
Sif Muna
Trog
Uskayaw
Vehumet
Wu Jian
Yredelemnul
Zin
The Shining One
Beogh


Message History

The deep elf pyromancer drinks a potion.
The deep elf pyromancer is healed!
The fire elemental hits you. The fire elemental burns you!
You hit the deep elf pyromancer.
The deep elf pyromancer is moderately wounded.
You slash the fire elemental! The fire elemental hits you.
The fire elemental burns you!
The deep elf pyromancer points at you and mumbles some strange words.
The bolt of fire hits you!!
Unknown command.
Aiming: Mindburst
Press: ? - help, Q - select action, (/) - cycle Shift-Dir - straight line, f - deep elf pyromancer
Aim: a deep elf pyromancer, wielding a +1 long sword of holy wrath (moderately wounded, chance to affect: 47%)
The deep elf pyromancer resists with some effort.
You are engulfed in a cloud of scalding steam.
* * * LOW HITPOINT WARNING * * *
You block the fire elemental's attack.
The deep elf pyromancer hits you with a +1 long sword of holy wrath.
* * * LOW HITPOINT WARNING * * *
You feel much better.
You are engulfed in a cloud of scalding steam.
The fire elemental hits you. The fire elemental burns you!
* * * LOW HITPOINT WARNING * * *
The deep elf pyromancer gestures wildly while chanting.
You block the fire elemental's attack.
You closely miss the deep elf pyromancer.
The deep elf pyromancer is moderately wounded.
You hit the fire elemental.
You are engulfed in a cloud of scalding steam.
* * * LOW HITPOINT WARNING * * *
The deep elf pyromancer mumbles some strange words.
The deep elf pyromancer blinks!
You block the fire elemental's attack.
Aiming: Mindburst
Press: ? - help, Q - select action, (/) - cycle Shift-Dir - straight line, f/p - deep elf pyromancer
Aim: a deep elf pyromancer, wielding a +1 long sword of holy wrath (moderately wounded, chance to affect: 47%)
The deep elf pyromancer resists with some effort.
You are engulfed in a cloud of scalding steam.
* * * LOW HITPOINT WARNING * * *
The fire elemental hits you. The fire elemental burns you!
You die...

▓▓▓▓▓ ▓▓▓ #...####
##.############
#......#####..#___#___#__#
#....†..#!!#..#...#__)#._#
##.##...#..#..###'#'###)##
##.###..##'#..#.○°.......#
###.##..###..e'.EE.......#
#..##..####...#.§.######+#
...##..###....#.@.#
..##...##.....#E..#
.##....#......#)###
###..##.#.....#.).# #
#..#####....#___# ▓ ▓▓▓▓
▓▓▓▓▓▓▓▓▓▓


You could see a deep elf pyromancer and 3 fire elementals.

Vanquished Creatures
  A scorpion (D)
  A necrophage (D)
  A water elemental (D)
  A wizard (D)
  A necromancer (D)
  A kobold demonologist (D)
  3 humans (D)
  4 rats (D)
13 creatures vanquished.

Notes
Turn   | Place    | Note
-------+----------+-------------------------------------------
     0 | D        | sircluck the Hill Orc Fighter began the quest for the Orb.
     0 | D        | Reached XP level 1. HP: 19/19 MP: 1/1
    70 | D        | Reached skill level 5 in Fighting
    70 | D        | Reached skill level 3 in Axes
    70 | D        | Reached XP level 2. HP: 17/29 MP: 2/2
    71 | D        | Noticed a scorpion
    80 | D        | Killed a scorpion
    81 | D        | Reached skill level 5 in Axes
    81 | D        | Reached skill level 1 in Throwing
    81 | D        | Reached skill level 5 in Armour
    81 | D        | Reached skill level 5 in Shields
    81 | D        | Reached XP level 3. HP: 10/38 MP: 3/3
    81 | D        | Reached XP level 4. HP: 12/45 MP: 4/4
   228 | D        | Noticed a water elemental
   232 | D        | Killed a water elemental
   233 | D        | Reached skill level 6 in Axes
   233 | D        | Reached XP level 5. HP: 52/52 MP: 5/5
   238 | D        | Found a radiant altar of Vehumet.
   238 | D        | Found a shimmering blue altar of Sif Muna.
   238 | D        | Found an ancient bone altar of Kikubaaqudgha.
   243 | D        | Noticed a ynoxinul
   327 | D        | Found a glowing silver altar of Zin.
   327 | D        | Found a glowing golden altar of the Shining One.
   327 | D        | Found a white marble altar of Elyvilon.
   335 | D        | Found a basalt altar of Yredelemnul.
   335 | D        | Found a shadowy altar of Dithmenos.
   335 | D        | Found a sacrificial altar of Ru.
   339 | D        | Reached skill level 7 in Axes
   339 | D        | Reached skill level 1 in Dodging
   346 | D        | Reached skill level 8 in Axes
   346 | D        | Reached XP level 6. HP: 54/61 MP: 6/6
   375 | D        | Found a hide-covered altar of Uskayaw.
   375 | D        | Found a roughly hewn altar of Beogh.
   375 | D        | Found an iron altar of Okawaru.
   375 | D        | Found a bloodstained altar of Trog.
   375 | D        | Found an ornate altar of the Wu Jian Council.
   375 | D        | Noticed a human
   383 | D        | Killed a human
   384 | D        | Reached skill level 10 in Axes
   384 | D        | Noticed a human
   400 | D        | Killed a human
   401 | D        | Reached skill level 11 in Axes
   401 | D        | Reached XP level 7. HP: 18/70 MP: 7/7
   568 | D        | Noticed a deep elf pyromancer
   571 | D        | Became a worshipper of Beogh the Brigand
   871 | D        | Noticed a fire elemental
   875 | D        | Noticed a fire elemental
   875 | D        | Noticed a fire elemental
   876 | D        | Mangled by a fire elemental

Illustrated notes

Levels and vault maps discovered:
D:        dungeon_sprint_mu [sprint_mu_entry_cave, sprint_mu_temple_rooms,
          sprint_mu_d1_spiders, sprint_mu_d2_genie, sprint_mu_d3_branching,
          sprint_mu_orc_legion, sprint_mu_elf_gauntlet, sprint_mu_hive_nellie,
          sprint_mu_lair_fedhas, sprint_mu_vaults_butterflies,
          sprint_mu_slime_circle, sprint_mu_swamp_cave, sprint_mu_snake_twists,
          sprint_mu_blade_basic, sprint_mu_crypt_fortress,
          sprint_mu_tomb_spiral, sprint_mu_vestibule_basic,
          sprint_mu_gehenna_hellfire, sprint_mu_dis_giant,
          sprint_mu_tartarus_statrot, sprint_mu_cocytus_islands, sprint_mu_zot1]

Skill      XL: |  1  2  3  4  5  6 |
---------------+-------------------+-----
Fighting       | 5 6 7 8 9 |  9.5
Axes           | 3 5 6 8 11 | 11.1
Armour         | 4 5 6 7 9 |  9.2
Shields        | 4 5 6 7 |  7.0
Throwing       | 1 2 |  2.4
Dodging        | 1 |  1.5
Stealth        | |  0.6

Action                     |  1- 3 |  4- 6 |  7- 9 || total
---------------------------+-------+-------+-------++-------
  Melee: War axe           |    25 |    41 |    10 ||    76
  Throw: Dart              |     5 |       |       ||     5
  Evoke: Wand              |       |       |     2 ||     2
    Use: Potion            |     2 |     1 |     1 ||     4
         Scroll            |       |       |     1 ||     1
 Armour: Scale mail        |    15 |    10 |     5 ||    30
  Dodge: Dodged            |     9 |    15 |     4 ||    28
  Block: Buckler           |     4 |    10 |     3 ||    17

Table legend: (Time is in decaauts)
 A = Elapsed time spent in this place.
 B = Non-inter-level travel time spent in this place.
 C = Inter-level travel time spent in this place.
 D = Time resting spent in this place.
 E = Time spent auto-exploring this place.
 F = Levels seen in this place.
 G = Mean time per level.
                   A        B        C        D        E       F      G
               +--------+--------+--------+--------+--------+-----+--------+
         Total |    897 |    897 |      0 |    397 |    278 |   1 |  897.0 |
       Dungeon |    897 |    897 |      0 |    397 |    278 |   1 |  897.0 |
               +--------+--------+--------+--------+--------+-----+--------+

Top non-repeatable levels by time:
       D: 897 daAuts
